 Dungeon Crawl Stone Soup version 0.24-a0-809-g71cb82dfb8 (webtiles) character file.

Game seed: 235672196274166632, levelgen mode: deterministic

51 Mattoad the Grave Robber (level 3, 0/26 HPs)
             Began as a Draconian Necromancer on Oct 11, 2019.
             Succumbed to an adder's poison
             ... on level 2 of the Dungeon.
             The game lasted 00:09:37 (1562 turns).

Mattoad the Grave Robber (Draconian Necromancer)    Turns: 1562, Time: 00:09:38

Health: 0/26       AC:  5    Str: 10    XL:     3   Next: 58%
Magic:  6/6        EV: 12    Int: 16    God:
Gold:   70         SH:  0    Dex: 11    Spells: 4/6 levels left

rFire    . . .     SeeInvis .   c - +0 short sword
rCold    . . .     Gourm    .   (no shield)
rNeg     . . .     Faith    .   (armour unavailable)
rPois    .         Spirit   .   (helmet restricted)
rElec    .         Reflect  .   (no cloak)
rCorr    .         Harm     .   (no gloves)
MR       .....                  (no boots)
Stlth    ++........             (no amulet)
HPRegen  0.08/turn              (no ring)
MPRegen  0.10/turn              (no ring)

@: lethally poisoned (0 -> -2)
A: unfitting armour, cold-blooded, AC +5
a: no special abilities


You were on level 2 of the Dungeon.
You were not hungry.

You visited 1 branch of the dungeon, and saw 2 of its levels.

You collected 70 gold pieces.

Inventory:

Hand Weapons
 c - a +0 short sword (weapon)
Scrolls
 e - a scroll of identify {unknown}
Comestibles
 b - 2 rations


   Skills:
 + Level 0.3 Short Blades
 + Level 2.3 Dodging
 + Level 1.9 Stealth
 + Level 1.3 Unarmed Combat
 + Level 2.2 Spellcasting
 + Level 4.4 Necromancy


You had 4 spell levels left.
You knew the following spells:

 Your Spells              Type           Power        Failure   Level  Hunger
a - Pain                  Necr           ###.         3%          1    #......
b - Animate Skeleton      Necr           N/A          3%          1    #......

Your spell library contained the following spells:

 Spells                   Type           Power        Failure   Level  Hunger
 Vampiric Draining        Necr           ###.......   10%         3    ###....
 Regeneration             Chrm/Necr      #.........   24%         3    ###....
 Animate Dead             Necr           N/A          32%         4    #####..


Dungeon Overview and Level Annotations

Branches:
Dungeon (2/15)

Altars:


Innate Abilities, Weirdness & Mutations

Your plain brown scales are hard. (AC +5)
You cannot fit into any form of body armour.
You are cold-blooded and may be slowed by cold attacks.


Message History

Items here: )) ÷÷ † a +0 club; a +0 dagger; a goblin corpse; a goblin skeleton x2
You barely miss the adder. The adder barely misses you.
You hit the adder.
The adder is moderately wounded.
You feel sick.
The goblin no longer looks unusually strong.
The adder bites you but does no damage. The adder barely misses you.
You hit the adder but do no damage.
The adder is moderately wounded.
The adder bites you but does no damage.
You hit the adder.
The adder is severely wounded.
The adder bites you.
* * * LOW HITPOINT WARNING * * *
You barely miss the adder.
The adder is severely wounded.
The adder bites you but does no damage. The adder bites you.
* * * LOW HITPOINT WARNING * * *
You die...

#
..#.#.####
#.....gS@#
......####
..#.# #


You could see an adder and a goblin.

Vanquished Creatures
  Robin (D:2)
  An ooze (D:1)
  2 dart slugs (D:1)
  2 ball pythons (D:1)
  4 bats (D:1)
  10 goblins
  3 hobgoblins (D:1)
  3 jackals (D:1)
  2 kobolds (D:1)
  2 rats (D:1)
30 creatures vanquished.

Notes
Turn   | Place    | Note
-------+----------+-------------------------------------------
     0 | D:1      | Mattoad the Draconian Necromancer began the quest for the
                  | Orb.
     0 | D:1      | Reached XP level 1. HP: 14/14 MP: 3/3
    19 | D:1      | Learned a level 1 spell: Animate Skeleton
   370 | D:1      | Reached XP level 2. HP: 15/20 MP: 0/5
   675 | D:1      | Reached skill level 1 in Unarmed Combat
  1034 | D:2      | Noticed Robin
  1038 | D:2      | Reached XP level 3. HP: 26/26 MP: 6/6
  1551 | D:2      | Killed Robin
  1561 | D:2      | HP: 1/26 [adder (5)]
  1562 | D:2      | Succumbed to an adder's poison

Levels and vault maps discovered:
D:1:      ncdulo_lavacross, layout_basic, ebering_dispersal_statue_hall
D:2:      layout_basic, lightli_temple_of_fire, uniq_robin,
          uniq_crazy_yiuf_cottage

Skill      XL: |  1  2 |
---------------+-------+-----
Dodging        | 2 |  2.3
Unarmed Combat | 1 |  1.3
Short Blades   | |  0.3
Stealth        | |  1.9
Spellcasting   | |  2.2
Necromancy     | |  4.4

Action                   || total
-------------------------++-------
Melee: Unarmed           ||    70
       Tailslap          ||    11
       Short sword       ||    61
 Cast: Pain              ||     5
       Animate Skeleton  ||     6
  Use: Potion            ||     2
 Stab: Sleeping          ||     2
       Invisible         ||     1
  Eat: Ration            ||     1
Armor: Skin              ||    65
Dodge: Dodged            ||   121

Table legend:
 A = Non-vault XP
 B = Vault XP
 C = Vault XP percentage of total XP
 D = Non-vault monster count
 E = Vault monster count
 F = Vault count percentage of total count
                 A         B        C        D         E       F
            +---------+---------+-------+---------+---------+-------
      Total |      39 |      35 |  47.3 |      19 |      11 |  36.7
            +---------+---------+-------+---------+---------+-------
        D:1 |      39 |       2 |   4.9 |      19 |       1 |   5.0
        D:2 |       0 |      33 | 100.0 |       0 |      10 | 100.0
            +---------+---------+-------+---------+---------+-------
